 Dungeon Crawl Stone Soup version 0.30-a0-1113-ga8025317a9 (webtiles) character file.

Game seed: 4533597260651121245

5490 Exorcizo the Spear-Bearer (level 10, -1/71 HPs)
             Began as a Demonspawn Wanderer on Apr 20, 2023.
             Was a Priest of Qazlal.
             Shot with a sling bullet by a skeletal warrior (21 damage)
             ... on level 8 of the Dungeon.
             The game lasted 00:23:47 (7705 turns).

Exorcizo the Spear-Bearer (Demonspawn Wanderer)     Turns: 7705, Time: 00:23:47

Health: -1/71      AC: 20    Str: 26    XL:     10   Next: 42%
Magic:  14/14      EV:  7    Int: 15    God:    Qazlal [***...]
Gold:   751        SH:  9    Dex: 13    Spells: 11/11 levels left

rFire   + . .      SeeInvis .    a - +4 spear
rCold   . . .      Faith    .    (no shield)
rNeg    . . .      Spirit   .    u - +0 plate armour
rPois   .          Reflect  +    d - +0 helmet
rElec   .          Rampage  .    (no cloak)
rCorr   .                        h - +1 pair of gloves
Will    .....                    g - +0 pair of boots of Nunitori {Str+5} Stlth
                                 o - amulet of reflection
HPRegen 0.31/turn                t - +6 ring of strength
MPRegen 0.28/turn                (no ring)

@: no status effects
A: icy blue scales 1, spiny 2, magic regeneration, fire resistance 1, wild magic
1
a: Renounce Religion, Upheaval, Elemental Force


You were on level 8 of the Dungeon.
You worshipped Qazlal.
Qazlal was most pleased with you.
You visited 2 branches of the dungeon, and saw 9 of its levels.
You also visited: Sewer and Bailey.

You collected 751 gold pieces.

Inventory:

Hand Weapons
 a - a +4 spear (weapon)
Missiles
 m - 50 poisoned darts
 w - 4 curare-tipped darts (quivered)
 z - a throwing net
Armour
 c - a +0 robe
 d - a +0 helmet (worn)
 g - the +0 pair of boots of Nunitori (worn) {Str+5}
   (You found it on level 7 of the Dungeon)

   Str:       It affects your strength (+5).
 h - a +1 pair of gloves (worn)
 u - a +0 plate armour (worn)
Jewellery
 n - a ring of flight
 o - an amulet of reflection (around neck)
 r - a ring of fire
 s - a ring of fire
 t - a +6 ring of strength (left hand)
Wands
 x - a wand of mindburst (13)
 y - a wand of flame (18)
Scrolls
 i - 2 scrolls of poison
 p - a scroll of enchant weapon
 q - 7 scrolls of identify
 v - 3 scrolls of teleportation
Potions
 b - 2 potions of berserk rage
 e - a potion of brilliance
 f - 4 potions of curing
 j - a potion of heal wounds
 k - 5 potions of mutation
 l - 2 potions of lignification


   Skills:
 + Level 4.0 Fighting
 - Level 12.0 Polearms
 + Level 7.0 Armour
 - Level 1.0 Dodging
 - Level 1.0 Spellcasting
 - Level 1.0 Earth Magic
 * Level 5.8 Invocations


You had 11 spell levels left.
You didn't know any spells.
Your spell library contained the following spells:

 Spells                   Type           Power      Damage    Failure   Level
 Sandblast                Erth           8%         2d5       92%         1
 Ensorcelled Hibernation  Hex/Ice        0%         N/A       99%         2
 Lesser Beckoning         Tloc           0%         N/A       99%         2
 Passwall                 Tmut/Erth      1%         N/A       99%         2
 Sublimation of Blood     Necr           0%         N/A       99%         2
 Wereblood                Tmut           0%         N/A       99%         2
 Gell's Gravitas          Tloc           0%         N/A       100%        3
 Inner Flame              Hex/Fire       0%         N/A       100%        3
 Ozocubu's Armour         Ice            0%         N/A       100%        3
 Spider Form              Tmut/Pois      0%         N/A       100%        3
 Stone Arrow              Conj/Erth      4%         3d7       100%        3
 Teleport Other           Tloc           0%         N/A       100%        3
 Anguish                  Hex/Necr       0%         N/A       100%        4
 Yara's Violent Unravell  Hex/Tmut       0%         3d3       100%        5
 Enfeeble                 Hex            0%         N/A       100%        7
 Ozocubu's Refrigeration  Ice            0%         4d7       100%        7
 Summon Hydra             Summ           0%         N/A       100%        7


Dungeon Overview and Level Annotations

Branches:
Dungeon (8/15)             Temple (1/1) D:5           Sewer (visited)
 Bailey (visited)
   Lair: D:8-11

Altars:
Ashenzari
Cheibriados
Dithmenos
Fedhas
Gozag
Hepliaklqana
Kikubaaqudgha
Makhleb
Okawaru
Qazlal
Ru
Sif Muna
Vehumet
Wu Jian
Yredelemnul

Shops:
D:2 (

Portals:
Abyss: D:5

Annotations:
D:5 2 transporters, Lipa's ghost, amateur NaFi
D:7 fluxer's ghost, novice HOFi
D:8 1 runed translucent door


Innate Abilities, Weirdness & Mutations

You are partially covered in icy blue scales. (AC +2)
You are mostly covered in sharp spines.
You regenerate magic rapidly.
Your flesh is heat resistant. (rF+)
Your spells are a little harder to cast, but a little more powerful.


Message History

The sling bullet barely misses you.
You reach to attack!
You hit the skeletal warrior but do no damage.
The skeletal warrior is moderately damaged.
You reach to attack!
You closely miss the skeletal warrior.
The skeletal warrior is moderately damaged.
You reach to attack!
You closely miss the skeletal warrior.
The skeletal warrior is moderately damaged.
The skeletal warrior shoots a sling bullet.
The sling bullet hits you!
You are too injured to fight recklessly!
You are too injured to fight recklessly!
You are too injured to fight recklessly!
Reach: a) +4 spear
Press: ? - help, Dir - move target, f/p - skeletal warrior
Aim: a skeletal warrior, wielding the +0 sling of Karma {heavy, rElec Str+2}, wearing a +2 robe of cold resistance and quivering stones (moderately damaged, about 29% to evade your +4 spear)
You reach to attack!
You hit the skeletal warrior but do no damage.
The skeletal warrior is moderately damaged.
Reach: a) +4 spear
Press: ? - help, Dir - move target, f/p - skeletal warrior
Aim: a skeletal warrior, wielding the +0 sling of Karma {heavy, rElec Str+2}, wearing a +2 robe of cold resistance and quivering stones (moderately damaged, about 29% to evade your +4 spear)
You reach to attack!
You hit the skeletal warrior but do no damage.
The skeletal warrior is moderately damaged.
Reach: a) +4 spear
Press: ? - help, Dir - move target, f/p - skeletal warrior
Aim: a skeletal warrior, wielding the +0 sling of Karma {heavy, rElec Str+2}, wearing a +2 robe of cold resistance and quivering stones (moderately damaged, about 29% to evade your +4 spear)
You reach to attack!
You hit the skeletal warrior but do no damage.
The skeletal warrior is moderately damaged.
The skeletal warrior shoots a sling bullet.
The sling bullet hits you.
The skeletal warrior shoots a sling bullet.
The sling bullet hits you!
* * * LOW HITPOINT WARNING * * *
Found 19 gold pieces.
The skeletal warrior shoots a sling bullet.
The sling bullet hits you!!
You die...

#.***,**,,,,.###.........#.#**,,*
*#.*,****,,###.z............,,,,*
,,.#*****###...##...........,**,*
,,,.,,,,##...####...........***,*
****,**,#..z#####...##z..#.#* *,*
,,,,,*,*#!.........##*...#.# *,*
,,,,**,#..##.....### *...#,* **,*
*,,,*,*#.#*###.§☼..#***,##,***,,,
*,,**,#..* #..@#.#,*,*,*,**,,,,
**,*,*#.*****#..........,,,,*,,,,
,***,*.,,,,......#.#.#.#,*,**<***
,**,*#.***####.......,,,,,,,,,*
,,*,*,,* ###.#.#.#>*,*,*,,*
,,*+*,,* #.......,,,,,*,*
*,,*,,,****** #.#$#.#.#,*,**,*
**,*,,,,,,,,* #..,,....,,,,,,*
*,,,,,*****,****,*,*,*,*,*,**,*


You could see a skeletal warrior.

Vanquished Creatures
  A centaur warrior (D:8)
  A hornet (D:8)
  Grinder (D:5)
  Sigmund (D:5)
  A wraith (D:8)
  Menkaure (D:7)
  2 water moccasins
  10 orc warriors
  6 ice beasts
  A sky beast (D:8)
  A centaur (D:8)
  An ogre (D:7)
  A phantom (D:5)
  8 kobold brigands
  2 bullfrogs
  6 scorpions
  A hornet simulacrum (D:7)
  3 howler monkeys
  A gnoll bouda (D:5)
  2 jellies (D:6)
  3 orc priests
  3 hounds
  A sleepcap (D:7)
  4 iguanas
  6 orc wizards
  A centaur simulacrum (D:7)
  A killer bee simulacrum (D:7)
  Robin (D:2)
  12 adders
  4 gnolls (D:5)
  A river rat (Sewer)
  A shadow imp (D:7)
  4 white imps (D:7)
  2 ufetubi
  2 dart slugs
  29 orcs
  9 endoplasms
  5 giant cockroaches
  6 hobgoblins
  3 jackals (D:3)
  4 quokkas
  10 ball pythons
  6 bats
  11 frilled lizards
  9 goblins
  22 kobolds
  7 rats
218 creatures vanquished.

Vanquished Creatures (others)
  2 demonic plants (D:1)
  A fungus (D:1)
3 creatures vanquished.

Grand Total: 221 creatures vanquished

Notes
Turn   | Place    | Note
-------+----------+-------------------------------------------
     0 | D:1      | Exorcizo the Demonspawn Wanderer began the quest for the
                  | Orb.
     0 | D:1      | Exorcizo set off with the following items: a +3 spear, a
                  | potion of berserk rage, a +0 robe; and the following spell
                  | memorised: Sandblast; and the following spells available to
                  | memorise: Stone Arrow.
     0 | D:1      | Reached XP level 1. HP: 19/19 MP: 2/2
    61 | D:1      | Reached skill level 3 in Polearms
   169 | D:1      | Gained mutation: You are partially covered in sharp spines.
                  | [demonic ancestry]
   169 | D:1      | Reached XP level 2. HP: 25/25 MP: 3/3
   239 | D:1      | Found a faded altar of an unknown god.
   264 | D:1      | You fall into a shaft and drop 1 floor!
   861 | D:2      | Reached XP level 3. HP: 30/30 MP: 4/4
   982 | D:2      | Noticed a scorpion
   991 | D:2      | Killed a scorpion
   992 | D:2      | Reached skill level 4 in Polearms
   992 | D:2      | Reached XP level 4. HP: 35/37 MP: 5/5
  1192 | D:2      | Found Vile's Antique Weapon Shoppe.
  1238 | D:2      | Noticed Robin
  1247 | D:2      | Killed Robin
  1248 | D:2      | Reached skill level 5 in Polearms
  1590 | D:3      | Gained mutation: You are mostly covered in sharp spines.
                  | [demonic ancestry]
  1590 | D:3      | Reached XP level 5. HP: 40/42 MP: 6/6
  1598 | D:3      | Found a glowing drain.
  1610 | Sewer    | Entered a sewer
  2192 | D:3      | Found a blossoming altar of Fedhas.
  2760 | D:4      | Reached skill level 6 in Polearms
  2760 | D:4      | Gained mutation: You regenerate magic rapidly. [demonic
                  | ancestry]
  2760 | D:4      | Reached XP level 6. HP: 38/48 MP: 7/7
  3286 | D:5      | Entered Level 5 of the Dungeon
  3311 | D:5      | Found a staircase to the Ecumenical Temple.
  3319 | D:5      | Reached skill level 1 in Armour
  3324 | D:5      | Reached skill level 7 in Polearms
  3340 | Temple   | Entered the Ecumenical Temple
  3474 | Temple   | Became a worshipper of Qazlal Stormbringer
  3532 | D:5      | Gained mutation: You are partially covered in icy blue
                  | scales. (AC +2) [demonic ancestry]
  3532 | D:5      | Reached XP level 7. HP: 47/54 MP: 8/8
  3780 | D:5      | Noticed Grinder
  3785 | D:5      | Gained mutation: Your flesh is heat resistant. (rF+)
                  | [potion of mutation]
  3785 | D:5      | Gained mutation: Your spells are a little harder to cast,
                  | but a little more powerful. [potion of mutation]
  3812 | D:5      | Killed Grinder
  3813 | D:5      | Reached skill level 8 in Polearms
  4055 | D:5      | Reached XP level 8. HP: 54/60 MP: 9/9
  4340 | D:5      | Reached * piety under Qazlal
  4345 | D:5      | Found a transporter.
  4345 | D:5      | Found a transporter.
  4349 | D:5      | Noticed Lipa's ghost (amateur NaFi)
  4359 | D:5      | Found a one-way gate to the infinite horrors of the Abyss.
  4415 | D:5      | Reached skill level 9 in Polearms
  4494 | D:5      | Noticed Sigmund
  4508 | D:5      | Killed Sigmund
  5190 | D:6      | Noticed an angel
  5288 | D:6      | Reached skill level 5 in Armour
  5288 | D:6      | Reached XP level 9. HP: 62/65 MP: 10/10
  5308 | D:6      | Reached skill level 10 in Polearms
  5668 | D:7      | Found a runed translucent gate.
  5668 | D:7      | Found a runed translucent gate.
  5669 | D:7      | Found a runed translucent gate.
  5673 | D:7      | Identified the +0 pair of boots of Nunitori {Str+5}
  5714 | D:7      | Noticed Menkaure
  5725 | D:7      | Killed Menkaure
  5727 | D:7      | Reached ** piety under Qazlal
  5937 | D:7      | Noticed fluxer's ghost (novice HOFi)
  6144 | D:7      | Reached skill level 1 in Invocations
  6449 | D:8      | Found a runed translucent door.
  6451 | D:8      | Noticed a centaur warrior
  6454 | D:8      | Noticed a centaur warrior
  6468 | D:8      | Found a flagged portal.
  6482 | D:8      | Killed a centaur warrior
  6483 | D:8      | Reached skill level 11 in Polearms
  6642 | D:8      | Identified the +0 hand axe of Pafakloa {venom, Dex+3}
  6644 | D:8      | Identified the +3 hand axe "Odyewaps" {drain, Dex+2}
  6651 | Bailey   | Entered a bailey
  6676 | Bailey   | Reached XP level 10. HP: 71/71 MP: 13/13
  6971 | Bailey   | Reached skill level 5 in Invocations
  7189 | Bailey   | Found a bloodstained altar of Trog.
  7376 | D:8      | Noticed a white ugly thing
  7381 | D:8      | Noticed a cyan ugly thing
  7396 | D:8      | Reached *** piety under Qazlal
  7657 | D:8      | Reached skill level 12 in Polearms
  7662 | D:8      | Identified the +0 sling of Karma {heavy, rElec Str+2}
  7662 | D:8      | Noticed a skeletal warrior
  7705 | D:8      | Shot with a sling bullet by a skeletal warrior

Illustrated notes

Levels and vault maps discovered:
D:1:      minmay_arrival_nine_rooms, layout_loops_corners,
          shapermc_ecumenical_altar_gd
D:2:      layout_loops_ring, serial_shops, shop, uniq_robin
D:3:      layout_basic, mainiacjoe_overflow_tiny_flanked,
          cheibrodos_sewer_entry_sluice, minmay_misc_feat_diagonals
D:4:      layout_cave_pools, serial_forest, infiniplex_forest_clump_small,
          infiniplex_forest_end_2, infiniplex_forest_end_2,
          infiniplex_forest_pool
D:5:      layout_gridville, minmay_temple_entry_junction,
          gammafunk_ghost_abyssal_escape, uniq_grinder, uniq_sigmund
D:6:      layout_cave_pods, zin_angel, glass_columns_a
D:7:      layout_cave_pools, gammafunk_ghost_icy, uniq_menkaure
D:8:      minmay_the_grid_four_pointed_star [minmay_the_grid_triangle_9x9_cache,
          minmay_the_grid_triangle_9x9_corrupted_corridor,
          minmay_the_grid_triangle_9x9_subtriangle,
          minmay_the_grid_triangle_9x9_intruding_spiral,
          minmay_the_grid_prize_diamond_cup], layout_loops_ring, enter_bailey_2,
          st_stairs_10
Temple:   kb_temple_of_zot

Skill      XL: |  1  2  3  4  5  6  7  8  9 10 |
---------------+-------------------------------+-----
Polearms       | 3 4 5 6 7 8 9 11 12 | 12.0
Armour         | 1 3 5 6 7 |  7.0
Invocations    | 4 5 |  5.8
Fighting       | |  4.0
Dodging        | |  1.0
Spellcasting   | |  1.0
Earth Magic    | |  1.0

Action                     |  1- 3 |  4- 6 |  7- 9 | 10-12 || total
---------------------------+-------+-------+-------+-------++-------
  Melee: Spear             |    46 |   176 |   315 |   161 ||   698
         Punch             |       |       |     4 |     1 ||     5
  Throw: Dart              |     4 |       |       |     1 ||     5
 Invoke: Upheaval          |       |       |       |     1 ||     1
    Use: Potion            |       |     4 |     3 |     1 ||     8
         Scroll            |       |     4 |    11 |     1 ||    16
   Stab: Sleeping          |     2 |     3 |       |       ||     5
 Armour: Robe              |     3 |    19 |       |       ||    22
         Plate armour      |       |    12 |   131 |    42 ||   185
  Dodge: Dodged            |     9 |    39 |    47 |    16 ||   111
  Block: Other             |       |       |    10 |    11 ||    21
         Reflection        |       |       |       |     3 ||     3

Table legend: (Time is in decaauts)
 A = Elapsed time spent in this place.
 B = Non-inter-level travel time spent in this place.
 C = Inter-level travel time spent in this place.
 D = Time resting spent in this place.
 E = Time spent auto-exploring this place.
 F = Levels seen in this place.
 G = Mean time per level.
                   A        B        C        D        E       F      G
               +--------+--------+--------+--------+--------+-----+--------+
         Total |   7541 |   7321 |    220 |   1067 |   4729 |  11 |  685.5 |
       Dungeon |   6413 |   6252 |    161 |    641 |   4384 |   8 |  801.6 |
        Temple |    154 |     95 |     59 |      0 |     75 |   1 |  154.0 |
         Sewer |    399 |    399 |      0 |     58 |    214 |   1 |  399.0 |
        Bailey |    573 |    573 |      0 |    368 |     56 |   1 |  573.0 |
               +--------+--------+--------+--------+--------+-----+--------+

Top non-repeatable levels by time:
     D:5: 1127 daAuts
     D:7: 885 daAuts
     D:6: 862 daAuts
     D:1: 793 daAuts
     D:3: 762 daAuts
     D:2: 721 daAuts
     D:8: 636 daAuts
     D:4: 625 daAuts
  Bailey: 573 daAuts
   Sewer: 399 daAuts
  Temple: 154 daAuts
